 Dungeon Crawl Stone Soup version 0.23-a0-38-g6d804a8 (webtiles) character file.

2652 Amnesiac the Thaumaturge (level 9, -1/65 HPs)
             Began as a Mummy Conjurer on Aug 5, 2018.
             Was a Believer of Sif Muna.
             Shot with an arrow by a centaur (7 damage)
             ... on level 7 of the Dungeon.
             The game lasted 00:08:45 (6230 turns).

Amnesiac the Thaumaturge (Mummy Conjurer)           Turns: 6230, Time: 00:08:46

Health: -1/65      AC:  6    Str: 12    XL:     9   Next: 36%
Magic:  0/21       EV: 14    Int: 22    God:    Sif Muna [**....]
Gold:   255        SH:  0    Dex: 12    Spells: 17/24 levels left

rFire    x . .     SeeInvis .   a - +4 dagger (venom)
rCold    + . .     Gourm    .   (no shield)
rNeg     + + +     Faith    .   e - +0 leather armour (curse)
rPois    ∞         Spirit   .   h - +0 helmet
rElec    .         Reflect  .   (no cloak)
rCorr    .         Harm     .   j - +0 pair of gloves
MR       +....                  b - +0 pair of boots
Stlth    +.........             (no amulet)
HPRegen  0.20/turn              l - +2 ring of intelligence
MPRegen  0.17/turn              k - +3 ring of intelligence

@: no casting
A: no food or potions, fire vulnerability, cold resistance 1, negative energy
resistance 3, torment resistance, unbreathing
a: Stop Divine Energy, Renounce Religion


You were on level 7 of the Dungeon.
You worshipped Sif Muna.
Sif Muna was pleased with you.
You were not hungry.

You visited 1 branch of the dungeon, and saw 7 of its levels.

You collected 255 gold pieces.

Inventory:

Hand Weapons
 a - a +4 dagger of venom (weapon)
Armour
 b - a +0 pair of boots (worn)
 e - a cursed +0 leather armour (worn)
 h - a +0 helmet (worn)
 j - a +0 pair of gloves (worn)
Jewellery
 i - a +3 ring of protection
 k - a +3 ring of intelligence (right hand)
 l - a +2 ring of intelligence (left hand)
Scrolls
 c - 2 scrolls of fear {!r}
 d - a scroll of magic mapping {!r}
 f - a scroll of identify {!r}
 g - a scroll of amnesia {!r}
 m - a scroll of remove curse {!r}


   Skills:
 - Level 3.7 Fighting
 - Level 5.0 Dodging
 - Level 1.5 Stealth
 + Level 8.0 Spellcasting
 * Level 8.0 Conjurations


You had 17 spell levels left.
You knew the following spells:

 Your Spells              Type           Power        Failure   Level  Hunger
a - Iskenderun's Mystic   Conj           #####...     3%          4    N/A
b - Magic Dart            Conj           ####         1%          1    N/A
d - Searing Ray           Conj           #####.       1%          2    N/A

Your spell library contained the following spells:

 Spells                   Type           Power        Failure   Level  Hunger
 Fulminant Prism          Conj/Hex       ####......   19%         4    N/A
 Dazzling Spray           Conj/Hex       ####..       5%          3    N/A
 Force Lance              Conj/Tloc      ####....     19%         4    N/A

Dungeon Overview and Level Annotations

Branches:
Dungeon (7/15)
 Temple: D:4-7

Altars:
Dithmenos
Nemelex Xobeh
Qazlal
Sif Muna
Vehumet
Wu Jian

Shops:
D:6 *


Innate Abilities, Weirdness & Mutations

You do not eat or drink.
Your flesh is vulnerable to fire.
You are immune to poison.
Your flesh is cold resistant. (rC+)
You are immune to negative energy. (rN+++)
You are immune to unholy pain and torment.
You can survive without breathing.


Message History

The centaur shoots an arrow.
The arrow hits you.
You see here 2 arrows.
There are monsters nearby!
There are monsters nearby!
Casting: Iskenderun's Mystic Blast (safe; 3% risk of failure)
Confirm with . or Enter, or press ? or * to list all spells.
Aiming: Iskenderun's Mystic Blast (safe; 3% risk of failure)
Press: ? - help, Shift-Dir - straight line, f - centaur
Aim: a centaur, wielding a shortbow The orb of energy hits the centaur.
The centaur is heavily wounded.
The centaur shoots an arrow.
The arrow hits you!
* * * LOW HITPOINT WARNING * * *
The centaur shoots an arrow.
The arrow closely misses you.
The centaur shoots an arrow.
The arrow closely misses you.
Unknown command.
Casting: Iskenderun's Mystic Blast (safe; 3% risk of failure)
Confirm with . or Enter, or press ? or * to list all spells.
Aiming: Iskenderun's Mystic Blast (safe; 3% risk of failure)
Press: ? - help, Shift-Dir - straight line, f - centaur
Aim: a centaur, wielding a shortbow The orb of energy hits the centaur.
The centaur is almost dead.
Sif Muna grants you divine energy.
You briefly lose access to your magic!
Unknown command.
You hit the centaur.
The centaur is poisoned.
The centaur is severely wounded.
The centaur unwields an uncursed shortbow.
The centaur closely misses you.
You hit the centaur but do no damage.
The centaur looks even sicker.
The centaur is severely wounded.
The centaur wields a runed shortbow.
The centaur shoots an arrow.
The arrow completely misses you. The centaur barely misses you.
You hit the centaur.
You kill the centaur!
Sif Muna accepts your kill.
You regain access to your magic.
The centaur shoots an arrow.
The arrow hits you.
* * * LOW HITPOINT WARNING * * *
The centaur shoots an arrow.
The arrow hits you!
* * * LOW HITPOINT WARNING * * *
Casting: Iskenderun's Mystic Blast (safe; 3% risk of failure)
Confirm with . or Enter, or press ? or * to list all spells.
Aiming: Iskenderun's Mystic Blast (safe; 3% risk of failure)
Press: ? - help, Shift-Dir - straight line, f/p - centaur
Aim: a centaur, wielding a shortbow (almost dead)
The orb of energy hits the centaur.
The centaur is heavily wounded.
Sif Muna grants you divine energy.
You briefly lose access to your magic!
The centaur shoots an arrow.
The arrow hits you!
* * * LOW HITPOINT WARNING * * *
Unknown command.
You aren't carrying any items that you can evoke.
You see here an arrow.
Unknown command.
You hit the centaur.
You kill the centaur!
Sif Muna accepts your kill.
Your Spellcasting skill increases to level 8!
Your Conjurations skill increases to level 8!
The centaur shoots an arrow.
The arrow hits you!
You die...

#####.....# #.#
#......##.# ##.#
...###..##.# #..#
#.###.# ####.## ##.#
#.## #....# .. ##..#
#..####.####
....####..## ##.##.÷>#
#......### #..#.###
#####.(@.#####.(...#####
#))#(()......#).....
#c#####.(....##)....
#.(# #.............
#......####..)##......
#≈≈≈≈≈c# #...##......
#≈≈≈≈c≈# #...###.....
#≈≈≈≈≈≈≈≈ #.### #.....
#≈≈≈≈≈≈≈≈≈# #...###.....


You could see a centaur.

Vanquished Creatures
  Grinder (D:3)
  A hippogriff (D:7)
  Prince Ribbit (D:5)
  2 ice beasts
  A necrophage (D:6)
  5 centaurs
  2 ogres
  A big kobold (D:7)
  Blork the orc (D:5)
  3 bullfrogs
  2 scorpions
  2 howler monkeys (D:6)
  3 wights (D:4)
  A jelly (D:7)
  4 orc priests
  3 orc wizards
  2 centaur skeletons
  Natasha (thrice) (D:2)
  3 worker ants
  2 hound skeletons
  2 worker ant zombies (D:6)
  5 adders
  A shadow imp (D:4)
  An ooze (D:1)
  3 worms
  A dart slug (D:2)
  A leopard gecko (D:4)
  23 orcs
  2 giant cockroaches
  10 goblins
  4 hobgoblins
  2 jackals (D:4)
  9 kobolds
  4 quokkas
  2 ball pythons
  4 bats
  3 frilled lizards
  A quokka skeleton (D:6)
  8 rats
129 creatures vanquished.

Notes
Turn   | Place    | Note
-------+----------+-------------------------------------------
     0 | D:1      | Amnesiac the Mummy Conjurer began the quest for the Orb.
     0 | D:1      | Reached XP level 1. HP: 13/13 MP: 4/4
   422 | D:1      | Reached XP level 2. HP: 18/19 MP: 0/6
   426 | D:1      | Learned a level 2 spell: Searing Ray
  1340 | D:2      | Reached XP level 3. HP: 21/25 MP: 7/7
  1375 | D:2      | Noticed Natasha
  1497 | D:2      | Reached skill level 1 in Fighting
  1588 | D:2      | Reached XP level 4. HP: 21/32 MP: 9/9
  1746 | D:2      | You fall through a shaft!
  2082 | D:3      | Reached XP level 5. HP: 22/38 MP: 10/10
  2256 | D:2      | Found a sparkling altar of Nemelex Xobeh.
  2407 | D:2      | Killed Natasha
  2530 | D:2      | Noticed Natasha
  2539 | D:2      | Killed Natasha
  2810 | D:2      | Found a sparkling altar of Nemelex Xobeh.
  2856 | D:2      | Noticed Natasha
  2866 | D:2      | Killed Natasha
  3144 | D:3      | Noticed Grinder
  3144 | D:3      | Paralysed by Grinder for 3 turns
  3162 | D:3      | Killed Grinder
  3162 | D:3      | Reached XP level 6. HP: 17/47 MP: 11/11
  3654 | D:4      | Reached skill level 5 in Dodging
  3654 | D:4      | Reached XP level 7. HP: 34/53 MP: 12/12
  3788 | D:4      | Found a deep blue altar of Sif Muna.
  3788 | D:4      | Found a shadowy altar of Dithmenos.
  3792 | D:4      | Became a worshipper of Sif Muna the Loreminder
  3857 | D:4      | Found a radiant altar of Vehumet.
  3912 | D:4      | Learned a level 4 spell: Iskenderun's Mystic Blast
  4120 | D:4      | Found a stormy altar of Qazlal.
  4478 | D:5      | Entered Level 5 of the Dungeon
  4479 | D:5      | Noticed Blork the orc
  4557 | D:5      | Reached * piety under Sif Muna
  4557 | D:5      | Reached skill level 5 in Spellcasting
  4557 | D:5      | Reached skill level 5 in Conjurations
  4633 | D:5      | Killed Blork the orc
  4633 | D:5      | Reached XP level 8. HP: 53/60 MP: 1/15
  4715 | D:5      | Noticed Prince Ribbit
  4735 | D:5      | Killed Prince Ribbit
  5062 | D:6      | Found an ornate altar of the Wu Jian Council.
  5370 | D:6      | Found Mischepn's General Store.
  5613 | D:6      | Reached ** piety under Sif Muna
  5831 | D:6      | Reached XP level 9. HP: 54/65 MP: 0/19
  6056 | D:7      | Found a stormy altar of Qazlal.
  6230 | D:7      | Shot with an arrow by a centaur

Vault maps used:
D:1:      minmay_arrival_four_circles
D:2:      kennysheep_the_goblin_king, nemelex_xobeh_ov_fountains_minmay,
          nrook_mini_vaults, hex_medium, grunt_ministairs_13, uniq_natasha
D:3:      first_ration, uniq_grinder
D:4:      cheibrodos_helix_gallery, kennysheep_little_box, lemuel_crystal_altar,
          gammafunk_temple_overflow_wave
D:5:      uniq_blork_the_orc, uniq_prince_ribbit1
D:6:      basic_altar, serial_shops, nicolae_shop_crystal
D:7:      kennysheep_mini, temple_statues, lemuel_centaur_altar, uniq_duvessa,
          uniq_pikel

Skill      XL: |  1  2  3  4  5  6  7  8  9 |
---------------+----------------------------+-----
Spellcasting   | 3 5 7 8 |  8.0
Dodging        | 2 3 4 5 |  5.0
Fighting       | 1 2 3 |  3.7
Conjurations   | 5 7 8 |  8.0
Stealth        | |  1.5

Action                   |  1- 3 |  4- 6 |  7- 9 || total
-------------------------+-------+-------+-------++-------
Melee: Unarmed           |     5 |       |       ||     5
       Dagger            |    70 |   137 |    98 ||   305
 Cast: Magic Dart        |    26 |       |     2 ||    28
       Searing Ray       |       |       |    12 ||    12
       Iskenderun's Myst |       |       |    68 ||    68
Invok: Divine Energy     |       |       |     1 ||     1
  Use: Scroll            |     4 |     2 |     4 ||    10
 Stab: Sleeping          |     1 |       |     1 ||     2
Armor: Robe              |    14 |    10 |       ||    24
       Leather armour    |       |    10 |    33 ||    43
Dodge: Dodged            |    32 |    80 |   109 ||   221

Table legend:
 A = Spawn XP
 B = Non-spawn XP
 C = Spawn XP percentage of total XP
 D = Spawn monster count
 E = Non-spawn monster count
 F = Spawn count percentage of total count
 G = Total turns spent on level
                    A         B        C        D         E        F      G
               +---------+---------+-------+---------+---------+-------+---------
         Total |       0 |    3789 |   0.0 |       0 |     129 |   0.0 |  6230
               +---------+---------+-------+---------+---------+-------+---------
           D:1 |       0 |      20 |   0.0 |       0 |      10 |   0.0 |   967
           D:2 |       0 |     196 |   0.0 |       0 |      29 |   0.0 |  1601
           D:3 |       0 |     362 |   0.0 |       0 |      15 |   0.0 |  1023
           D:4 |       0 |     715 |   0.0 |       0 |      32 |   0.0 |   919
           D:5 |       0 |     477 |   0.0 |       0 |       5 |   0.0 |   517
           D:6 |       0 |    1004 |   0.0 |       0 |      22 |   0.0 |   808
           D:7 |       0 |    1015 |   0.0 |       0 |      16 |   0.0 |   395
               +---------+---------+-------+---------+---------+-------+---------
